 Dungeon Crawl Stone Soup version 0.28-a0-828-g0121872642 (webtiles) character file.

Game seed: 5976809078388254501

418 avis the Insei (level 6, 0/43 HPs)
             Began as an Octopode Transmuter on Nov 10, 2021.
             Slain by Grinder (8 damage)
             ... on level 4 of the Dungeon on Nov 11, 2021.
             The game lasted 00:20:36 (3686 turns).

avis the Insei (Octopode Transmuter)                Turns: 3686, Time: 00:20:37

Health: 0/43       AC:  2    Str: 11    XL:     6   Next: 93%
Magic:  5/9        EV: 19    Int: 16    God:
Gold:   112        SH:  0    Dex: 17    Spells: 1/9 levels left

rFire   . . .      SeeInvis .     - Unarmed
rCold   . . .      Faith    .   (shield currently unavailable)
rNeg    . . .      Spirit   .   (helmet currently unavailable)
rPois   x          Reflect  .   (no amulet)
rElec   .          Harm     .   (no ring)
rCorr   .          Rampage  .   (no ring)
Will    .....                   (no ring)
Stlth   ++........              (no ring)
HPRegen 0.14/turn               (no ring)
MPRegen 0.11/turn               (no ring)
                                (no ring)
                                (no ring)

@: lethally poisoned (0 -> -3), spider-form
A: venomous fangs, almost no armour, (amphibious), 8 rings, tiny, (camouflage
1), (gelatinous body 1), (nimble swimmer 1), (tentacles)
a: End Transformation


You were on level 4 of the Dungeon.
You were a venomous arachnid creature.
You visited 1 branch of the dungeon, and saw 4 of its levels.

You collected 112 gold pieces.

Inventory:

Hand Weapons
 b - a +1 mace of protection
 h - a +3 dagger
 t - a +0 hunting sling
 v - a +0 shortbow
Missiles
 a - 6 poisoned darts
 c - 17 stones
 f - 72 arrows
 k - 40 bolts
 m - 34 sling bullets
 s - a boomerang
Armour
 q - a +2 buckler
Jewellery
 p - an amulet of guardian spirit
Wands
 w - a wand of flame (17)
Scrolls
 d - a scroll of fear {unknown}
 e - a scroll of amnesia {unknown}
 j - 4 scrolls of identify {unknown}
 o - a scroll of enchant armour {unknown}
 u - a scroll of torment {unknown}
Potions
 g - 2 potions of flight {unknown}
 i - 2 potions of heal wounds {unknown}
 l - a potion of degeneration {unknown}
 n - a potion of brilliance {unknown}
 r - a potion of curing {unknown}


   Skills:
 - Level 4.0 Fighting
 - Level 2.0 Dodging
 - Level 2.0 Stealth
 - Level 6.0 Unarmed Combat
 - Level 2.0 Spellcasting
 - Level 2.0 Transmutations
 * Level 1.4 Poison Magic


You had one spell level left.
You knew the following spells:

 Your Spells              Type           Power      Damage    Failure   Level
a - Beastly Appendage     Tmut           16%        N/A       22%         1
b - Ice Form              Ice/Tmut       4%         N/A       92%         4
p - Spider Form           Tmut/Pois      7%         N/A       52%         3

Your spell library contained the following spells:

 Spells                   Type           Power      Damage    Failure   Level
 Wereblood                Tmut           8%         N/A       32%         2
 Static Discharge         Conj/Air       1%         N/A       52%         2
 Dazzling Flash           Conj/Hex       2%         N/A       73%         3
 Dispel Undead            Necr           1%         3d6       97%         4
 Iskenderun's Mystic Bla  Conj/Tloc      1%         2d3       97%         4
 Sticky Flame             Conj/Fire      1%         2d3       97%         4
 Starburst                Conj/Fire      0%         6d3       100%        6


Dungeon Overview and Level Annotations

Branches:
Dungeon (4/15)
 Temple: D:4-7

Altars:
Ashenzari
Sif Muna

Annotations:
D:3 Sigmund
D:4 Grinder


Innate Abilities, Weirdness & Mutations

You are a venomous arachnid creature.
You have poisonous fangs.
You are tiny and dextrous.
Your spellcasting is less reliable in this form.
Your armour is entirely melded.
You are incapable of wielding weapons or throwing items.
You cannot wear most types of armour.
((You are amphibious.))
You can wear up to eight rings at the same time.
((Your skin changes colour to match your surroundings (Stealth+).))
((Your rubbery body absorbs attacks. (AC +1, EV +1)))
((You are camouflaged near water. (Stealth+)))
((You have tentacles for arms and can constrict up to eight enemies at once.))


Message History

Grinder closely misses you. The adder bites you.
You hit the adder.
The adder is poisoned.
The adder is lightly wounded.
You feel sick. Grinder hits you. The adder bites you.
You closely miss the adder.
The adder is lightly wounded.
You feel sick. The adder bites you. Grinder closely misses you.
You feel sick. The adder completely misses you.
You feel sick.
You hit the adder.
The adder is heavily wounded.
Your transformation has ended.
The adder barely misses you.
Okay, then.
Casting: Spider Form (quite dangerous; 32% risk of failure)
Confirm with . or Enter, or press ? or * to list all spells.
The spell is quite dangerous to cast (32% risk of failure)!
Continue anyway?
You turn into a venomous arachnid creature.
You feel sick. The adder bites you but does no damage.
You hit the adder but do no damage.
The adder looks even sicker.
The adder is heavily wounded.
You feel sick. The adder misses you. The adder bites you.
You are more poisoned.
The adder poisons you!
You hit the adder.
The adder is heavily wounded.
You feel sick. The adder closely misses you.
You closely miss the adder.
The adder is almost dead.
You feel sick. The adder bites you.
* * * LOW HITPOINT WARNING * * *
Grinder blinks!
You feel sick.
You feel a bit more experienced.
You hit Grinder.
Grinder is poisoned.
Grinder is lightly wounded.
You feel sick.
You barely miss Grinder.
Grinder is lightly wounded.
You feel sick. Grinder hits you!
You die...

## ### #... #..
.#.#
#####.#####.<.##
...............
######..#.......##
........<.........
#.....#.#ยง....#.
#......s#S##....#
#.....#.5.# ##.#
#......^........
#.........$###..
#..........#
#...#######. #.#.
.# # .#


You could see Grinder (poisoned).

Vanquished Creatures
  A centaur (D:3)
  2 hounds
  Ijyb (D:3)
  2 orc wizards (D:3)
  Natasha (thrice) (D:2)
  A gnoll (D:1)
  3 adders
  2 worms
  A dart slug (D:1)
  7 orcs
  3 bats
  3 endoplasms
  3 giant cockroaches
  9 goblins
  6 hobgoblins
  9 jackals
  7 quokkas
  7 ball pythons
  5 frilled lizards
  7 kobolds
  4 rats
86 creatures vanquished.

Notes
Turn   | Place    | Note
-------+----------+-------------------------------------------
     0 | D:1      | avis the Octopode Transmuter began the quest for the Orb.
     0 | D:1      | Reached XP level 1. HP: 13/13 MP: 3/3
   136 | D:1      | Reached XP level 2. HP: 17/18 MP: 3/5
   328 | D:1      | Reached skill level 4 in Unarmed Combat
   328 | D:1      | Reached XP level 3. HP: 21/23 MP: 4/6
   358 | D:1      | Learned a level 3 spell: Spider Form
   931 | D:1      | Reached skill level 1 in Poison Magic
  1486 | D:2      | Noticed Natasha
  1496 | D:2      | Killed Natasha
  1497 | D:2      | Reached XP level 4. HP: 6/29 MP: 2/7
  1758 | D:2      | Reached skill level 5 in Unarmed Combat
  1995 | D:2      | Reached XP level 5. HP: 34/34 MP: 6/8
  2045 | D:2      | Noticed Natasha
  2054 | D:2      | Killed Natasha
  2189 | D:2      | Noticed Natasha
  2196 | D:2      | Killed Natasha
  2197 | D:2      | Reached skill level 1 in Stealth
  2564 | D:3      | Noticed Sigmund
  2754 | D:3      | Found a faded altar of an unknown god.
  3011 | D:3      | Reached XP level 6. HP: 30/42 MP: 4/9
  3097 | D:3      | Learned a level 4 spell: Ice Form
  3164 | D:3      | Reached skill level 6 in Unarmed Combat
  3359 | D:3      | Noticed Ijyb
  3376 | D:3      | Killed Ijyb
  3524 | D:3      | Found a shimmering blue altar of Sif Muna.
  3556 | D:3      | Found a broken altar of Ashenzari.
  3669 | D:4      | Noticed Grinder
  3686 | D:4      | Slain by Grinder

Illustrated notes

Levels and vault maps discovered:
D:1:      psy_arrival_spokes, layout_basic, grunt_decor_junction,
          minmay_pentomino_q4
D:2:      layout_rooms, kennysheep_generic_room_15, uniq_natasha
D:3:      layout_rooms, mainiacjoe_overflow_catch_the_wave,
          hellmonk_ecumenical_altar_zigzags, uniq_sigmund, uniq_ijyb
D:4:      layout_basic, fedhas_ov_isle_minmay, uniq_grinder

Skill      XL: |  1  2  3  4  5  6 |
---------------+-------------------+-----
Unarmed Combat | 4 5 6 |  6.0
Fighting       | 2 3 4 |  4.0
Poison Magic   | 1 |  1.4
Stealth        | 1 2 |  2.0
Dodging        | |  2.0
Spellcasting   | |  2.0
Transmutations | |  2.0

Action                   |  1- 3 |  4- 6 || total
-------------------------+-------+-------++-------
Melee: Unarmed           |    79 |   117 ||   196
       Kick              |    19 |     7 ||    26
       Constrict         |    24 |     8 ||    32
       Tentacles         |    12 |     4 ||    16
       Punch             |     1 |     1 ||     2
 Cast: Beastly Appendage |    28 |    13 ||    41
       Spider Form       |       |    20 ||    20
 Stab: Sleeping          |     6 |     1 ||     7
Armor: Skin              |     5 |     8 ||    13
Dodge: Dodged            |    38 |    95 ||   133

Table legend: (Time is in decaauts)
 A = Elapsed time spent in this place.
 B = Non-inter-level travel time spent in this place.
 C = Inter-level travel time spent in this place.
 D = Time resting spent in this place.
 E = Time spent auto-exploring this place.
 F = Levels seen in this place.
 G = Mean time per level.
                   A        B        C        D        E       F      G
               +--------+--------+--------+--------+--------+-----+--------+
         Total |   3678 |   3523 |    155 |   1377 |   1081 |   4 |  919.5 |
       Dungeon |   3678 |   3523 |    155 |   1377 |   1081 |   4 |  919.5 |
               +--------+--------+--------+--------+--------+-----+--------+

Top non-repeatable levels by time:
     D:1: 1483 daAuts
     D:2: 1298 daAuts
     D:3: 880 daAuts
     D:4: 15 daAuts
